 Dungeon Crawl Stone Soup version 0.30.1 (webtiles) character file.

Game seed: 2605833903420650213

67924 tkbsonic5 the Fighter (level 15, -31/122 HPs)
             Began as a Formicid Gladiator on May 3, 2023.
             Was an Elder of Fedhas.
             Annihilated by a titanic slime creature (60 damage)
             ... on level 13 of the Dungeon on July 2, 2023.
             The game lasted 02:03:24 (23247 turns).

tkbsonic5 the Fighter (Formicid Gladiator)         Turns: 23247, Time: 02:03:24

Health: -31/122    AC: 26    Str: 24    XL:     15   Next: 68%
Magic:  0/21       EV: 12    Int:  8    God:    Fedhas [****..]
Gold:   1488       SH: 12    Dex: 23    Spells: 14/14 levels left

rFire   + . .        s - +9 lance "Wyrmbane" {slay drac, rPois rF+ rC+ AC+3, fifth finger (12,18 ANTI DRAKE)}
rCold   + + .        B - +0 kite shield
rNeg    . . .        f - +1 storm dragon scales {KING GEEDORAH SCALES}
rPois   +            (helmet unavailable)
rElec   +            p - +1 cloak
rCorr   .            h - +0 pair of gloves
SInv    +            (no boots)
Will    +....        x - amulet of guardian spirit {Calevera Amulet} Stlth
                     g - +6 ring of dexterity
HPRegen 0.40/turn    y - +4 ring of protection
MPRegen 0.17/turn

%: guardian spirit
@: mighty
A: permanent stasis, dig shafts and tunnels, antennae 3, four strong arms,
talons 1, cold resistance 1, screaming 1
a: Dig, Shaft Self, Renounce Religion, Wall of Briars, Grow Ballistomycete,
Overgrow


You were on level 13 of the Dungeon.
You worshipped Fedhas.
Fedhas was greatly pleased with you.
You visited 3 branches of the dungeon, and saw 19 of its levels.

You collected 1605 gold pieces.
You spent 117 gold pieces at shops.

Inventory:

Hand Weapons
 i - the +7 shortbow of Terra Nullius {freeze, Int+6, (9/16)}
   (You found it on level 3 of the Dungeon)

   Int:       It affects your intelligence (+6).
 s - the +9 lance "Wyrmbane" (weapon) {slay drac, rPois rF+ rC+ AC+3, fifth finger (12,18 ANTI DRAKE)}
   (You found it on level 5 of the Dungeon)

   AC:        It affects your AC (+3).
   rF:        It protects you from fire.
   rC:        It protects you from cold.
   rPois:     It protects you from poison.
Missiles
 k - 13 boomerangs (quivered) {the rape of kirke (D.Ma. Forces)}
 q - 3 javelins
 v - 13 poisoned darts
Armour
 a - +0 fire dragon scales
 c - a +0 buckler {i block the windmills}
 f - +1 storm dragon scales (worn) {KING GEEDORAH SCALES}
 h - a +0 pair of gloves (worn)
 j - +0 acid dragon scales
 p - a +1 cloak (worn)
 B - a +0 kite shield (worn)
Magical Staves
 H - a staff of earth
Jewellery
 e - a +6 ring of dexterity
 g - a +6 ring of dexterity (left hand)
 x - an amulet of guardian spirit (around neck) {Calevera Amulet}
 y - a +4 ring of protection (right hand)
 z - a +6 ring of intelligence
 A - a ring of wizardry
 F - a ring of poison resistance
Wands
 b - a wand of polymorph (2)
 u - a wand of digging (3)
 w - a wand of mindburst (3)
 D - a wand of iceblast (7)
Scrolls
 l - a scroll of magic mapping
 o - 2 scrolls of brand weapon
 r - 3 scrolls of enchant weapon
 C - 3 scrolls of fog
 I - 2 scrolls of poison
Potions
 m - 2 potions of resistance
 n - 6 potions of curing
 K - a potion of ambrosia


   Skills:
 * Level 12.9 Fighting
 - Level 4.0 Long Blades
 * Level 11.8 Polearms
 - Level 11.0 Ranged Weapons
 * Level 8.2 Throwing
 + Level 9.2 Armour
 + Level 6.4 Dodging
 - Level 0.4 Stealth
 * Level 8.1 Shields
 * Level 9.2 Invocations
 * Level 8.4 Evocations


You had 14 spell levels left.
You didn't know any spells.
Your spell library contained the following spells:

 Spells                   Type           Power      Damage    Failure   Level
 Sandblast                Erth           0%         2d4       99%         1
 Ensorcelled Hibernation  Hex/Ice        0%         N/A       100%        2
 Lesser Beckoning         Tloc           0%         N/A       100%        2
 Passwall                 Tmut/Erth      0%         N/A       100%        2
 Gell's Gravitas          Tloc           0%         N/A       100%        3
 Ozocubu's Armour         Ice            0%         N/A       100%        3
 Spider Form              Tmut/Pois      0%         N/A       100%        3
 Stone Arrow              Conj/Erth      0%         3d7       100%        3
 Summon Guardian Golem    Hex/Summ       0%         N/A       100%        3
 Teleport Other           Tloc           0%         N/A       100%        3
 Anguish                  Hex/Necr       0%         N/A       100%        4
 Orb of Destruction       Conj           0%         9d5       100%        7
 Ozocubu's Refrigeration  Ice            0%         4d7       100%        7
 Spellforged Servitor     Conj/Summ      0%         N/A       100%        7


Dungeon Overview and Level Annotations

Branches:
Dungeon (13/15)            Temple (1/1) D:6            Lair (5/5) D:8
 Shoals (0/4) Lair:3       Spider (0/4) Lair:3        Slime (0/5) Lair:5
    Orc (0/2) D:9
 Vaults: D:13-14

Altars:
Ashenzari
Cheibriados
Dithmenos
Elyvilon
Fedhas
Gozag
Hepliaklqana
Kikubaaqudgha
Makhleb
Nemelex Xobeh
Okawaru
Qazlal
Ru
Sif Muna
Trog
Uskayaw
Vehumet
Wu Jian
Xom
Yredelemnul
Zin
The Shining One
Jiyva

Shops:
D:3 (   D:8 *

Annotations:
D:11 1 runed translucent door, dangerrune1's ghost, journeyman GrEE
Lair:2 1 runed translucent door, rddays123's ghost, journeyman FeSu


Innate Abilities, Weirdness & Mutations

You cannot be hasted, slowed, berserked, paralysed or teleported.
You can dig through walls and to a lower floor.
You have a pair of large antennae on your head. (SInv)
Your four strong arms can wield two-handed weapons with a shield.
You have sharp toenails.
Your flesh is cold resistant. (rC+)
You occasionally shout uncontrollably at your foes.


Message History

Okay, then.
Okay, then.
Okay, then.
Okay, then.
The titanic slime creature attacks as you move away!
The titanic slime creature hits you!!
You feel much better.
A titanic slime creature splits.
You feel very mighty all of a sudden.
A very large slime creature splits.
The large slime creature misses you.
A briar patch grows up from the ground. x4
The large slime creature hits you but does no damage.
The large slime creature hits you!! The slime creature hits you!
The large slime creature hits you but does no damage.
You walk carefully through the plants.
The large slime creature attacks as you move away!
The large slime creature hits you!!
* * * LOW HITPOINT WARNING * * *
The slime creature attacks as you move away!
The slime creature barely misses you.
A large slime creature splits.
Two slime creatures merge to form a very large slime creature.
Two slime creatures merge to form a titanic slime creature.
You impale the titanic slime creature!!
The titanic slime creature is heavily wounded.
You puncture the titanic slime creature!
The titanic slime creature is heavily wounded.
The slime creature hits your briar patch but does no damage.
You puncture the titanic slime creature!
You claw the titanic slime creature!
The titanic slime creature is heavily wounded.
The titanic slime creature hits you.
* * * LOW HITPOINT WARNING * * *
You impale the titanic slime creature!! You claw the titanic slime creature.
The titanic slime creature is heavily wounded.
The slime creature hits your briar patch.
You puncture the titanic slime creature!
You claw the titanic slime creature!!
The titanic slime creature is severely wounded.
The titanic slime creature hits you!!!
You die...
Fedhas appreciates your contribution to the ecosystem.

.. #...... '###
#...... ...# #.....
...####...#
..........####
J##...........
.##.......##
.##)..)...#########
.....)<)......JP@.#
.....##........JP.#
.....####......JP.#
.....# #.........#
[....+............#
.....##############
.....# .#+#.. . .##


You could see a titanic slime creature and 2 slime creatures.

Vanquished Creatures
  Kirke (D:12)
  Azrael (D:12)
  A fire dragon (Lair:5)
  2 catoblepae
  2 hydras (Lair:5)
  A centaur warrior (D:13)
  A tengu warrior (D:13)
  2 two-headed ogres
  A boulder beetle (D:13)
  4 death yaks (Lair:2)
  Amaemon (Lair:1)
  A swamp dragon (Lair:5)
  A harpy (Lair:3)
  2 deep elf pyromancers (D:12)
  2 cyclopes
  A manticore (D:10)
  Maurice (D:9)
  A merfolk siren (Lair:3)
  25 elephants
  4 black mambas
  3 torpor snails
  An orange demon (Lair:1)
  7 cane toads
  2 unseen horrors (D:12)
  Psyche (D:12)
  12 komodo dragons
  8 rime drakes
  2 trolls
  13 polar bears
  A hornet (D:9)
  A meliai (Lair:3)
  A tyrant leech (Lair:2)
  2 raiju (Lair:5)
  5 blink frogs (Lair:4)
  10 dream sheep (Lair:5)
  A vampire (D:10)
  A slime creature (D:13)
  Grum (D:10)
  A wraith (D:12)
  2 shadows
  5 hogs (D:12)
  3 fire elementals (D:12)
  7 basilisks
  5 wyverns
  2 steam dragons
  55 yaks
  7 vampire mosquitoes
  Edmund (D:6)
  2 swamp worms (Lair:2)
  2 acid dragons
  6 wargs (Lair:5)
  5 water moccasins
  13 hell hounds (Lair:5)
  3 orc warriors
  An ice beast (D:7)
  2 sky beasts
  11 black bears
  2 swamp drakes (Lair:5)
  3 ogres
  8 centaurs
  38 wolves
  3 kobold brigands
  16 bullfrogs
  A gnoll sergeant (D:5)
  3 scorpions
  10 wights
  31 killer bees
  3 howler monkeys (D:10)
  2 hounds
  3 jellies
  2 orc priests (D:7)
  7 iguanas
  3 sleepcaps
  A yak simulacrum (Lair:5)
  7 orc wizards
  2 polar bear simulacra (Lair:5)
  2 wolf simulacra (Lair:5)
  A mummy (D:4)
  9 gnolls
  9 adders
  A shadow imp (D:7)
  2 white imps (D:5)
  A worm (D:3)
  A dart slug (D:8)
  40 orcs
  A bat (D:3)
  6 endoplasms
  5 giant cockroaches
  5 goblins
  A hobgoblin (D:3)
  3 jackals (D:1)
  22 kobolds
  4 quokkas
  5 ball pythons
  3 frilled lizards
  2 hobgoblin zombies (D:4)
  A kobold zombie (D:4)
  An orc zombie (D:4)
  6 rats
  3 river rat simulacra (Lair:5)
  A ballistomycete spore (Lair:4)
540 creatures vanquished.

Vanquished Creatures (collateral kills)
  A necromancer (Lair:5)
  3 elephants
  A polar bear (Lair:5)
  2 dream sheep (Lair:5)
  A fire elemental (D:12)
  A sky beast (Lair:3)
  4 black bears (Lair:5)
  A wolf (Lair:5)
  2 wolf simulacra (Lair:5)
  A river rat simulacrum (Lair:5)
  29 ballistomycete spores
46 creatures vanquished.

Vanquished Creatures (others)
  5 ballistomycete spores
5 creatures vanquished.

Grand Total: 591 creatures vanquished

Notes
Turn   | Place    | Note
-------+----------+-------------------------------------------
     0 | D:1      | tkbsonic5 the Formicid Gladiator began the quest for the
                  | Orb.
     0 | D:1      | Reached XP level 1. HP: 16/16 MP: 1/1
   293 | D:1      | Reached XP level 2. HP: 21/22 MP: 2/2
  1117 | D:1      | Found a faded altar of an unknown god.
  1294 | D:2      | Upgraded the game from 0.30-b1-2-g02819fbbbe to
                  | 0.30-b1-5-g8e6c1be481
  1426 | D:2      | Reached XP level 3. HP: 19/28 MP: 3/3
  2200 | D:3      | Reached XP level 4. HP: 22/34 MP: 4/4
  2479 | D:3      | Found Keaffuz's Antique Weapon Shop.
  2485 | D:3      | Bought a glowing long sword for 117 gold pieces
  2509 | D:3      | Reached XP level 5. HP: 15/40 MP: 5/5
  2925 | D:3      | Reached skill level 3 in Fighting
  3157 | D:3      | Identified the +7 shortbow of Terra Nullius {freeze, Int+6}
  3586 | D:4      | Reached skill level 1 in Ranged Weapons
  3612 | D:4      | Reached XP level 6. HP: 47/47 MP: 6/6
  3843 | D:4      | Noticed an ogre
  3847 | D:4      | Killed an ogre
  4232 | D:5      | Entered Level 5 of the Dungeon
  4237 | D:5      | Reached XP level 7. HP: 50/52 MP: 7/7
  4356 | D:5      | Reached skill level 5 in Ranged Weapons
  4446 | D:5      | Found a broken altar of Ashenzari.
  4558 | D:5      | Reached XP level 8. HP: 57/59 MP: 8/8
  5069 | D:5      | Found the +8 lance "Wyrmbane" {slay drac, rPois rF+ rC+
                  | AC+3}
  5411 | D:5      | Reached skill level 1 in Polearms
  5411 | D:5      | Reached skill level 1 in Armour
  5547 | D:5      | Reached skill level 4 in Fighting
  5866 | D:6      | You fall into a shaft and drop 3 floors!
  5891 | D:9      | Noticed Maurice
  5902 | D:9      | Killed Maurice
  5903 | D:9      | Reached skill level 5 in Fighting
  5903 | D:9      | Reached XP level 9. HP: 61/68 MP: 9/9
  5945 | D:9      | Noticed a hornet
  5951 | D:9      | Killed a hornet
  6067 | D:9      | Found a staircase to the Orcish Mines.
  6117 | D:9      | Reached skill level 6 in Fighting
  6200 | D:9      | Found a burning altar of Makhleb.
  6339 | D:9      | Found a stormy altar of Qazlal.
  6581 | D:8      | Reached skill level 5 in Polearms
  6601 | D:8      | Reached XP level 10. HP: 59/77 MP: 10/10
  6999 | D:8      | Reached skill level 7 in Fighting
  7053 | D:8      | Found a snail-covered altar of Cheibriados.
  7207 | D:8      | Found Yhugymer's Overcharged Wands.
  7254 | D:8      | Found an ornate altar of the Wu Jian Council.
  7786 | D:7      | Reached skill level 5 in Armour
  8265 | D:6      | Reached skill level 8 in Fighting
  8298 | D:6      | Noticed Edmund
  8316 | D:6      | Killed Edmund
  8654 | D:6      | Found a staircase to the Ecumenical Temple.
  8661 | Temple   | Entered the Ecumenical Temple
  8667 | Temple   | Became a worshipper of Fedhas Madash
  8930 | D:8      | Found a staircase to the Lair.
  9411 | D:9      | Reached XP level 11. HP: 83/87 MP: 11/11
  9533 | D:9      | Reached * piety under Fedhas
  9900 | D:10     | Entered Level 10 of the Dungeon
 10042 | D:10     | Reached skill level 9 in Fighting
 10042 | D:10     | Reached skill level 10 in Ranged Weapons
 10139 | D:10     | Reached ** piety under Fedhas
 10241 | D:10     | Noticed Grum
 10269 | D:10     | Killed Grum
 10783 | D:10     | Noticed a manticore
 10793 | D:10     | Killed a manticore
 11312 | D:11     | Noticed a cyclops
 11322 | D:11     | Killed a cyclops
 11445 | D:11     | Noticed a two-headed ogre
 11457 | D:11     | Killed a two-headed ogre
 11658 | D:11     | Reached skill level 10 in Fighting
 11842 | D:11     | Found a runed translucent door.
 11842 | D:11     | Noticed dangerrune1's ghost (journeyman GrEE)
 12135 | Lair:1   | Entered Level 1 of the Lair of Beasts
 12136 | Lair:1   | Upgraded the game from 0.30-b1-5-g8e6c1be481 to
                  | 0.30.0-29-ga12c61a403
 12180 | Lair:1   | Reached XP level 12. HP: 65/97 MP: 9/12
 12618 | Lair:1   | Reached skill level 1 in Invocations
 12652 | Lair:1   | Reached *** piety under Fedhas
 12725 | Lair:1   | Noticed Amaemon
 12739 | Lair:1   | Killed Amaemon
 12740 | Lair:1   | Reached skill level 1 in Evocations
 12800 | Lair:1   | Noticed a catoblepas
 12832 | Lair:1   | Killed a catoblepas
 13183 | Lair:1   | Reached skill level 1 in Shields
 13843 | Lair:2   | Found a runed translucent door.
 13844 | Lair:2   | Found a shimmering altar of Xom.
 13844 | Lair:2   | Noticed rddays123's ghost (journeyman FeSu)
 13844 | Lair:2   | Identified the +1 double sword of Bodily Harmony {chaos,
                  | rPois rF++ Int+3 Dex+3}
 13844 | Lair:2   | Noticed a +1 double sword of Bodily Harmony {chaos, rPois
                  | rF++ Int+3 Dex+3}
 14107 | Lair:2   | Noticed a death yak
 14109 | Lair:2   | Noticed a death yak
 14117 | Lair:2   | Noticed a death yak
 14118 | Lair:2   | Noticed a death yak
 14120 | Lair:2   | Noticed a death yak
 14427 | Lair:2   | Killed a death yak
 14440 | Lair:2   | Killed a death yak
 14807 | Lair:2   | Killed a death yak
 15037 | Lair:2   | Killed a death yak
 15191 | Lair:2   | Reached XP level 13. HP: 78/104 MP: 16/16
 15407 | Lair:2   | Reached skill level 5 in Invocations
 15432 | Lair:2   | Reached skill level 11 in Fighting
 16105 | Lair:2   | Reached skill level 10 in Polearms
 16709 | Lair:3   | Found a hole to the Spider Nest.
 16719 | Lair:2   | Gained mutation: You occasionally shout uncontrollably at
                  | your foes. [potion of mutation]
 16719 | Lair:2   | Gained mutation: You are robust. (+10% HP) [potion of
                  | mutation]
 16719 | Lair:2   | Gained mutation: Your spells are a little harder to cast,
                  | but a little more powerful. [potion of mutation]
 16722 | Lair:2   | Lost mutation: You are robust. (+10% HP) [potion of
                  | mutation]
 16722 | Lair:2   | Lost mutation: Your spells are a little harder to cast, but
                  | a little more powerful. [potion of mutation]
 16722 | Lair:2   | Gained mutation: You have sharp toenails. [potion of
                  | mutation]
 16722 | Lair:2   | Gained mutation: Your flesh is cold resistant. (rC+)
                  | [potion of mutation]
 16746 | Lair:2   | Reached skill level 5 in Throwing
 16945 | Lair:3   | Reached skill level 5 in Evocations
 17484 | Lair:3   | Reached skill level 5 in Dodging
 17779 | Lair:3   | Found a staircase to the Shoals.
 18208 | Lair:4   | Reached XP level 14. HP: 88/113 MP: 19/19
 18822 | Lair:4   | Reached skill level 5 in Shields
 19035 | Lair:4   | Reached **** piety under Fedhas
 19097 | Lair:4   | Found a burning altar of Makhleb.
 19592 | Lair:5   | Entered Level 5 of the Lair of Beasts
 19665 | Lair:5   | Reached skill level 12 in Fighting
 19874 | Lair:5   | Found a viscous altar of Jiyva.
 19874 | Lair:5   | Found a staircase to the Slime Pits.
 20814 | Lair:5   | Reached XP level 15. HP: 111/122 MP: 18/21
 21987 | D:12     | Upgraded the game from 0.30.0-29-ga12c61a403 to 0.30.1
 22274 | D:12     | Noticed Psyche
 22276 | D:12     | Killed Psyche
 22291 | D:12     | Noticed Azrael
 22315 | D:12     | Killed Azrael
 22788 | D:12     | Noticed Kirke
 22806 | D:12     | Killed Kirke
 23247 | D:13     | Annihilated by a titanic slime creature

Illustrated notes

Levels and vault maps discovered:
D:1:      eino_arrival_tree_alley, layout_loops_corners,
          shapermc_ecumenical_altar_acropolis, item_on_display_a
D:2:      layout_rooms, kennysheep_potato
D:3:      layout_loops_corners, serial_shops, shop, small_statue_intersection,
          hangedman_abyss_or_decor_stabs, minmay_joined_circles
D:4:      layout_loops_ring, minmay_mini_ossuary
D:5:      layout_loops_ring, kennysheep_little_box, minmay_strange_pillars
D:6:      layout_gridville, minmay_temple_entry_butterflies,
          lightli_ossuary_entry_decrepit_ruins, uniq_edmund
D:7:      layout_loops_corners
D:8:      layout_loops_corners, nicolae_wu_jian_immortal_techniques,
          kennysheep_slug_shrine, lair_entry_dummy, minmay_misc_feat_ornament,
          nicolae_shop_overcharged_wands
D:9:      layout_stronghold, mainiacjoe_overflow_chevrons,
          grunt_qazlal_sundering, david_orc_2, kennysheep_generic_room_7,
          uniq_maurice
D:10:     layout_loops_cross, uniq_grum
D:11:     layout_cave_pools, ebering_ghost_reflecting_pool
D:12:     layout_small_grid, gauntlet_entry_generic, uniq_psyche, uniq_kirke,
          uniq_azrael
D:13:     layout_basic
Temple:   sentei_temple_godly_chess
Lair:1:   layout_roguey, grunt_megastairs_2, uniq_amaemon
Lair:2:   layout_layer_cave, ebering_ghost_xom, worms_lemuel
Lair:3:   layout_roguey, minmay_shoals_entry_lonely_mermaid,
          hellmonk_spider_entry_not_the_bees, chequers_serial_rivers_micro_e
Lair:4:   layout_cave_pods, basic_altar, chequers_serial_rivers_micro_a,
          grunt_megastairs_4, infiniplex_staircase_pool_2
Lair:5:   hangedman_lair_caniforms_friends, layout_regular_city,
          guppyfry_lair_end_dragon, dpeg_slime_entry_corner, enter_volcano_2,
          minivault_26, eino_house_with_fridge

Skill      XL: |  1  2  3  4  5  6  7  8  9 10 11 12 13 14 15 |
---------------+----------------------------------------------+-----
Dodging        | 3 4 5 6 |  6.4
Long Blades    | 4 |  4.0
Fighting       | 3 5 6 8 10 11 12 | 12.9
Ranged Weapons | 1 4 6 7 8 9 10 11 | 11.0
Polearms       | 3 5 7 8 9 10 11 | 11.8
Armour         | 2 4 5 6 7 8 9 |  9.2
Invocations    | 4 6 8 9 |  9.2
Throwing       | 4 6 7 8 |  8.2
Evocations     | 3 5 7 8 |  8.4
Shields        | 2 4 6 8 |  8.1
Stealth        | |  0.4

Action                     |  1- 3 |  4- 6 |  7- 9 | 10-12 | 13-15 || total
---------------------------+-------+-------+-------+-------+-------++-------
  Melee: Long sword        |    97 |    44 |       |       |       ||   141
         Punch             |     1 |       |     1 |     7 |       ||     9
         Lance             |       |       |    97 |   597 |  1012 ||  1706
         Kick              |       |       |       |       |   355 ||   355
   Fire: Shortbow          |       |    46 |   103 |    87 |       ||   236
  Throw: Throwing net      |     1 |       |     1 |     1 |     1 ||     4
         Dart              |     3 |       |       |    40 |    99 ||   142
         Boomerang         |       |       |    14 |    23 |    79 ||   116
         Javelin           |       |       |     1 |    23 |   126 ||   150
 Invoke: Wall of Briars    |       |       |       |     6 |     9 ||    15
         Grow Ballistomyce |       |       |       |     3 |     8 ||    11
         Overgrow          |       |       |       |       |     5 ||     5
  Evoke: Wand              |       |       |     7 |    39 |    23 ||    69
    Use: Scroll            |     7 |     6 |     1 |    11 |     8 ||    33
         Potion            |     1 |     5 |     2 |     5 |    12 ||    25
   Stab: Sleeping          |     1 |       |       |       |       ||     1
         Invisible         |       |       |     5 |     7 |     4 ||    16
         Held in net/web   |       |       |       |     1 |       ||     1
         Confused          |       |       |       |     2 |     3 ||     5
         Paralysed         |       |       |       |       |     2 ||     2
         Petrified         |       |       |       |       |    14 ||    14
         Distracted        |       |       |       |       |     3 ||     3
 Armour: Leather armour    |    25 |    10 |       |       |       ||    35
         Storm dragon scal |       |    19 |    64 |   258 |   440 ||   781
  Dodge: Dodged            |    78 |    31 |    51 |   267 |   310 ||   737
  Block: Buckler           |       |       |       |    27 |    99 ||   126
         Kite shield       |       |       |       |       |   237 ||   237
